 Dungeon Crawl Stone Soup version 0.28-a0-1199-gef9e1dbd39 (webtiles) character file.

Game seed: 18414730656998347803

1729 a11behringer the Carver (level 9, -7/68 HPs)
             Began as a Formicid Fighter on Dec 19, 2021.
             Mangled by a two-headed ogre (17 damage)
             ... on level 6 of the Dungeon.
             The game lasted 00:16:49 (6036 turns).

a11behringer the Carver (Formicid Fighter)          Turns: 6036, Time: 00:16:50

Health: -7/68      AC: 10    Str: 25    XL:     9   Next: 25%
Magic:  18/18      EV:  8    Int:  8    God:
Gold:   312        SH:  4    Dex: 10    Spells: 8/8 levels left

rFire   + . .      SeeInvis +   a - +0 long sword
rCold   x . .      Faith    .   c - +0 buckler
rNeg    . . .      Spirit   .   n - +0 chain mail
rPois   .          Reflect  .   (helmet unavailable)
rElec   .          Harm     .   (no cloak)
rCorr   .          Rampage  .   (no gloves)
Will    ++...                   (no boots)
Stlth   ..........              (no amulet)
HPRegen 0.21/turn               f - ring "Tusien" {Fire +Blink Will++ MP+9}
MPRegen 0.16/turn               (no ring)

@: no status effects
A: permanent stasis, dig shafts and tunnels, antennae 3, four strong arms
a: Dig, Shaft Self


You were on level 6 of the Dungeon.
You visited 1 branch of the dungeon, and saw 6 of its levels.
You also visited: Sewer.

You collected 312 gold pieces.

Inventory:

Hand Weapons
 a - a +0 long sword (weapon)
 k - a +0 hunting sling
 r - a +0 great sword
Missiles
 e - 102 sling bullets
 g - 2 javelins
 l - 6 boomerangs
 u - 9 poisoned darts (quivered)
Armour
 b - a +0 scale mail
 c - a +0 buckler (worn)
 n - a +0 chain mail (worn)
Magical Staves
 w - a staff of earth
Jewellery
 f - the ring "Tusien" (left hand) {Fire +Blink Will++ MP+9}
   (You found it on level 5 of the Dungeon)

   [ring of fire]

   It enhances your fire magic.
   rF:        It protects you from fire.
   rC:        It makes you vulnerable to cold.
   MP:        It affects your magic capacity (+9).
   +Blink:    It lets you blink.
   Will:      It greatly increases your willpower.
Wands
 v - a wand of iceblast (3)
Scrolls
 j - 3 scrolls of teleportation
 q - a scroll of brand weapon {unknown}
 t - a scroll of vulnerability {unknown}
Potions
 d - 2 potions of flight
 i - a potion of magic
 m - a potion of attraction
 o - 2 potions of lignification
 p - 3 potions of haste
 s - 3 potions of curing


   Skills:
 + Level 5.3 Fighting
 * Level 8.5 Long Blades
 + Level 1.1 Throwing
 + Level 6.4 Armour
 + Level 1.1 Dodging
 - Level 0.4 Stealth
 + Level 4.7 Shields
 * Level 2.3 Evocations


You had 8 spell levels left.
You didn't know any spells.
Your spell library contained the following spells:

 Spells                   Type           Power      Damage    Failure   Level
 Freeze                   Ice            0%         1d3       95%         1
 Frozen Ramparts          Ice            0%         1d2       100%        3
 Hailstorm                Conj/Ice       0%         3d3       100%        4


Dungeon Overview and Level Annotations

Branches:
Dungeon (6/15)              Sewer (visited)
 Temple: D:4-7

Altars:
Ashenzari
Kikubaaqudgha
Trog

Shops:
D:4 !

Annotations:
D:4 3 runed translucent doors, avis's ghost, novice OpTm


Innate Abilities, Weirdness & Mutations

You cannot be hasted, slowed, berserked, paralysed or teleported.
You can dig through walls and to a lower floor.
You have a pair of large antennae on your head. (SInv)
Your four strong arms can wield two-handed weapons with a shield.


Message History

No target in view!
No target in view!
A two-headed ogre comes into view.
It is wielding two +0 giant spiked clubs.
The two-headed ogre shouts in stereo!
Throw: 12 darts (poison)
Press: ? - help, Q - select action, (/) - cycle Shift-Dir - straight line, f - two-headed ogre
Aim: a two-headed ogre, wielding two +0 giant spiked clubs (72% to hit)
You can't see that place.
Okay, then.
Throw: 12 darts (poison)
Press: ? - help, Q - select action, (/) - cycle Shift-Dir - straight line, f - two-headed ogre
Aim: a two-headed ogre, wielding two +0 giant spiked clubs (73% to hit)
You throw a poisoned dart.
The poisoned dart hits the two-headed ogre.
The two-headed ogre is poisoned.
You throw a poisoned dart.
The poisoned dart hits the two-headed ogre.
The two-headed ogre looks even sicker.
The two-headed ogre is lightly wounded.
You throw a poisoned dart.
The poisoned dart completely misses the two-headed ogre.
The two-headed ogre closely misses you.
The two-headed ogre hits you with a +0 giant spiked club!
You hit the two-headed ogre but do no damage.
The two-headed ogre closely misses you.
The two-headed ogre hits you with a +0 giant spiked club!
You completely miss the two-headed ogre.
The two-headed ogre closely misses you.
The two-headed ogre hits you but does no damage.
You closely miss the two-headed ogre.
You hit the two-headed ogre but do no damage.
The two-headed ogre hits you with a +0 giant spiked club!!
* * * LOW HITPOINT WARNING * * *
The two-headed ogre hits you with a +0 giant spiked club.
* * * LOW HITPOINT WARNING * * *
You slash the two-headed ogre!
The two-headed ogre is lightly wounded.
The two-headed ogre hits you but does no damage.
The two-headed ogre hits you with a +0 giant spiked club!
You die...

# .# # ##(# #.
##.(< ###..##
#.O#
#......##@##.#
.......<.....#
.........#####
.........#
.........#
..........
.....##....
≈.P.P .....
..PP. ...#..


You could see a two-headed ogre (poisoned).

Vanquished Creatures
  2 water moccasins (D:5)
  2 ice beasts (D:4)
  2 black bears
  4 ogres
  A phantom (D:5)
  A bullfrog (D:5)
  A kobold brigand (Sewer)
  2 scorpions (D:5)
  A water moccasin skeleton (D:5)
  A jelly (D:5)
  A bullfrog skeleton (D:5)
  3 hounds (D:5)
  An orc priest (D:4)
  A centaur skeleton (D:4)
  An iguana (D:4)
  An orc wizard (D:3)
  5 adders
  3 river rats
  2 ufetubi (D:4)
  A worm (D:4)
  8 orcs
  8 ball pythons
  5 bats
  8 endoplasms
  7 giant cockroaches
  A goblin (D:2)
  7 hobgoblins
  10 jackals
  8 quokkas
  3 frilled lizards
  9 kobolds
  13 rats
123 creatures vanquished.

Notes
Turn   | Place    | Note
-------+----------+-------------------------------------------
     0 | D:1      | a11behringer the Formicid Fighter began the quest for the
                  | Orb.
     0 | D:1      | Reached XP level 1. HP: 18/18 MP: 1/1
   125 | D:1      | Reached XP level 2. HP: 20/24 MP: 2/2
   602 | D:1      | Reached XP level 3. HP: 29/29 MP: 3/3
  1417 | D:2      | Found an ancient bone altar of Kikubaaqudgha.
  1435 | D:2      | Reached skill level 3 in Long Blades
  1435 | D:2      | Reached XP level 4. HP: 24/37 MP: 4/4
  1747 | D:2      | Found a faded altar of an unknown god.
  2216 | D:3      | Reached XP level 5. HP: 40/42 MP: 5/5
  2246 | D:3      | Found a glowing drain.
  2255 | Sewer    | Entered a sewer
  2269 | Sewer    | Reached skill level 4 in Long Blades
  2409 | Sewer    | Noticed a kobold brigand
  2421 | Sewer    | Killed a kobold brigand
  2422 | Sewer    | Reached XP level 6. HP: 29/48 MP: 6/6
  2557 | Sewer    | Found a white marble altar of Elyvilon.
  2887 | D:3      | Noticed an ogre
  3147 | D:4      | Found a bloodstained altar of Trog.
  3156 | D:4      | Noticed an ogre
  3204 | D:4      | Noticed an ice beast
  3219 | D:4      | Killed an ice beast
  3220 | D:4      | Reached skill level 5 in Long Blades
  3290 | D:4      | Found a runed translucent gate.
  3290 | D:4      | Found a runed translucent gate.
  3330 | D:4      | Found a broken altar of Ashenzari.
  3377 | D:4      | Reached XP level 7. HP: 37/55 MP: 7/7
  3392 | D:4      | Found Daemnof's Distillery.
  3609 | D:4      | Found a runed translucent gate.
  3616 | D:4      | Noticed avis's ghost (novice OpTm)
  3701 | D:4      | Reached skill level 6 in Long Blades
  3958 | D:4      | Reached skill level 1 in Throwing
  3981 | D:4      | Reached XP level 8. HP: 9/61 MP: 8/8
  4417 | D:3      | Reached skill level 7 in Long Blades
  4664 | D:5      | Entered Level 5 of the Dungeon
  4688 | D:5      | Identified the ring "Tusien" {Fire +Blink Will++ MP+9}
  4779 | D:5      | Reached skill level 5 in Armour
  5162 | D:5      | Reached skill level 5 in Fighting
  5162 | D:5      | Reached skill level 1 in Evocations
  5553 | D:5      | Reached skill level 8 in Long Blades
  5553 | D:5      | Reached skill level 1 in Dodging
  5553 | D:5      | Reached XP level 9. HP: 68/68 MP: 9/9
  6027 | D:6      | Noticed a two-headed ogre
  6036 | D:6      | Mangled by a two-headed ogre

Illustrated notes

Levels and vault maps discovered:
D:1:      wheals_arrival_linesprint, layout_rooms
D:2:      layout_basic, basic_altar, basic_ecumenical_altar, minmay_hexomino_p4
D:3:      layout_basic, portal_sewer_entry_e
D:4:      minmay_inner_zag, layout_basic, ashenzari_conservatory_becter,
          trog_three_pillars_becter, serial_shops, nicolae_square_shop,
          gammafunk_ghost_necromancy
D:5:      layout_loops_ring
D:6:      kennysheep_steamy, layout_rooms, lemuel_flame_loot_1

Skill      XL: |  1  2  3  4  5  6  7  8  9 |
---------------+----------------------------+-----
Long Blades    | 3 4 5 6 8 |  8.5
Shields        | 4 |  4.7
Armour         | 4 5 6 |  6.4
Fighting       | 4 5 |  5.3
Throwing       | 1 |  1.1
Evocations     | 1 2 |  2.3
Dodging        | 1 |  1.1
Stealth        | |  0.4

Action                   |  1- 3 |  4- 6 |  7- 9 || total
-------------------------+-------+-------+-------++-------
Melee: Long sword        |   105 |   201 |   168 ||   474
Throw: Dart              |       |       |     7 ||     7
 Abil: Dig               |     1 |     1 |     1 ||     3
  Use: Scroll            |       |     3 |     4 ||     7
       Potion            |       |     1 |     1 ||     2
Armor: Scale mail        |    54 |       |       ||    54
       Chain mail        |       |   133 |    76 ||   209
Dodge: Dodged            |    68 |    89 |    63 ||   220
Block: Buckler           |    29 |    44 |    36 ||   109

Table legend: (Time is in decaauts)
 A = Elapsed time spent in this place.
 B = Non-inter-level travel time spent in this place.
 C = Inter-level travel time spent in this place.
 D = Time resting spent in this place.
 E = Time spent auto-exploring this place.
 F = Levels seen in this place.
 G = Mean time per level.
                   A        B        C        D        E       F      G
               +--------+--------+--------+--------+--------+-----+--------+
         Total |   6152 |   5439 |    713 |      0 |   4358 |   7 |  878.9 |
       Dungeon |   5775 |   5062 |    713 |      0 |   4044 |   6 |  962.5 |
         Sewer |    376 |    376 |      0 |      0 |    313 |   1 |  376.0 |
               +--------+--------+--------+--------+--------+-----+--------+

Top non-repeatable levels by time:
     D:5: 1342 daAuts
     D:4: 1182 daAuts
     D:2: 1146 daAuts
     D:3: 1078 daAuts
     D:1: 996 daAuts
   Sewer: 376 daAuts
     D:6: 29 daAuts
